 Dungeon Crawl Stone Soup version 0.31.0-12-g77e489cdc1 (webtiles) character file.

Game seed: 8698004139847664293

2442 Ijustatesigmund the Magician (level 9, -2/99 HPs)
             Began as a Gnoll Earth Elementalist on Mar 7, 2024.
             Slain by an orc warrior
             ... wielding a +0 short sword
              (9 damage)
             ... on level 8 of the Dungeon.
             The game lasted 00:13:34 (8265 turns).

Ijustatesigmund the Magician (GnEE)                 Turns: 8265, Time: 00:13:35

Health: -2/99      AC: 24    Str:  7    XL:     9   Next: 49%
Magic:  28/28      EV:  2    Int: 19    God:
Gold:   404        SH:  0    Dex: 13    Spells: 17/21 levels left

rFire   + . .        v - +5 hand cannon of Floods {flame, rF+ rC+ MP+9}
rCold   + . .        (no shield)
rNeg    . . .        a - melded +0 robe
rPois   +            u - melded +0 helmet
rElec   .            j - melded scarf {repulsion}
rCorr   .            (gloves currently unavailable)
SInv    .            (boots currently unavailable)
Will    .....        (no amulet)
Stlth   +++          e - ring of flight
HPRegen 0.36/turn    (no ring)
MPRegen 0.21/turn

%: no passive effects
@: tree-form
A: stationary, stasis, torment immunity, boosted hp, (fangs 1), strong nose,
distributed training
a: no special abilities


You were on level 8 of the Dungeon.
You were a tree.
You visited 2 branches of the dungeon, and saw 10 of its levels.

You collected 404 gold pieces.

Inventory:

Hand Weapons
 o - a +3 heavy flail
 v - the +5 hand cannon of Floods (weapon) {flame, rF+ rC+ MP+9}
   (You found it on level 5 of the Dungeon)

   rF+:       It protects you from fire.
   rC+:       It protects you from cold.
   MP+9:      It affects your magic capacity (+9).
Missiles
 w - a throwing net
 y - 5 silver javelins
Armour
 a - a +0 robe (melded)
 j - a scarf of repulsion (melded)
 u - a +0 helmet (melded)
Jewellery
 e - a ring of flight (left branch)
 t - an amulet of faith
Wands
 r - a wand of flame (19)
 A - a wand of charming (14)
Scrolls
 d - a scroll of immolation
 i - 4 scrolls of poison
 k - 3 scrolls of vulnerability
 l - a scroll of butterflies
 B - a scroll of fog {unknown}
Potions
 b - a potion of magic
 c - 4 potions of haste
 f - 2 potions of curing
 m - a potion of resistance {unknown}
 n - a potion of brilliance {unknown}
 p - a potion of might {unknown}
 q - a potion of degeneration {unknown}
 z - a potion of lignification


   Skills:
 + Level 4.4 Fighting
 + Level 4.4 Short Blades
 + Level 4.4 Long Blades
 + Level 4.4 Axes
 + Level 4.4 Maces & Flails
 + Level 4.4 Polearms
 + Level 4.4 Staves
 + Level 4.4 Ranged Weapons
 + Level 4.4 Throwing
 + Level 4.4 Armour
 + Level 6.5 Dodging
 + Level 6.2 Stealth
 + Level 4.4 Shields
 + Level 4.4 Unarmed Combat
 + Level 6.8 Spellcasting
 + Level 4.3 Conjurations
 + Level 3.7 Hexes
 + Level 3.7 Summonings
 + Level 3.7 Necromancy
 + Level 3.7 Translocations
 + Level 3.7 Fire Magic
 + Level 3.7 Ice Magic
 + Level 3.7 Air Magic
 + Level 6.6 Earth Magic
 + Level 3.7 Alchemy
 + Level 4.9 Invocations
 + Level 4.4 Evocations
 + Level 4.0 Shapeshifting


You had 17 spell levels left.
You knew the following spells:

 Your Spells              Type           Power      Damage    Failure   Level
a - Sandblast             Erth           62%        2d14      1%          1
b - Stone Arrow           Conj/Erth      54%        3d10      3%          3

Your spell library contained the following spells:

 Spells                   Type           Power      Damage    Failure   Level
 Passwall                 Erth           31%        N/A       1%          3
 Ensorcelled Hibernation  Hex/Ice        40%        N/A       3%          2
 Fugue of the Fallen      Necr           20%        N/A       7%          3
 Gell's Gravitas          Tloc           20%        N/A       7%          3
 Teleport Other           Tloc           20%        N/A       7%          3
 Brom's Barrelling Bould  Conj/Erth      27%        2d5       11%         4
 Petrify                  Alch/Erth      26%        N/A       12%         4
 Anguish                  Hex/Necr       10%        N/A       22%         4
 Passage of Golubria      Tloc           20%        N/A       22%         4
 Borgnjor's Vile Clutch   Necr/Erth      13%        N/A       34%         5
 Metabolic Englaciation   Hex/Ice        10%        N/A       54%         5
 Silence                  Hex/Air        10%        N/A       54%         5
 Dispersal                Tloc           10%        N/A       98%         6
 Lehudib's Crystal Spear  Conj/Erth      13%        10d5      100%        8
 Chain Lightning          Conj/Air       10%        3d14      100%        9
 Fire Storm               Conj/Fire      10%        8d3       100%        9
 Polar Vortex             Ice            10%        12d1*     100%        9
 Shatter                  Erth           15%        3d15*     100%        9


Dungeon Overview and Level Annotations

Branches:
Dungeon (9/15)             Temple (1/1) D:4
   Lair: D:8-11         Orc: D:9-12

Altars:
Ashenzari
Dithmenos
Fedhas
Hepliaklqana
Kikubaaqudgha
Makhleb
Nemelex Xobeh
Okawaru
Ru
Sif Muna
Trog
Uskayaw
Vehumet
Wu Jian
Yredelemnul
Zin

Shops:
D:6 :

Annotations:
D:3 1 runed translucent door
D:8 1 transporter


Innate Abilities, Weirdness & Mutations

You are a tree.
Your roots penetrate the ground, keeping you stationary.
You cannot be teleported.
You are immune to unholy pain and torment.
Your maximum health is greatly increased.
Your equipment is partially melded.
((You have very sharp teeth.))
Your uncanny sense of smell can sniff out nearby items.
Your experience applies equally to all skills.


Message History

The orc misses you. The orc attacks as it pursues you! The orc misses you.
The bullfrog attacks as it pursues you! The bullfrog hits you.
The centaur shoots an arrow.
The arrow hits you!
Unknown command.
The centaur shoots an arrow.
The arrow barely misses you. The bullfrog closely misses you.
The centaur shoots an arrow.
The arrow closely misses you.
Fire: v) +5 hand cannon of Floods {flame, rF+ rC+ MP+9}
Press: ? - help, Q - select action, (/) - cycle Shift-Dir - straight line, f - bullfrog
Aim: a bullfrog (62% to hit)
You shoot a bolt. The bolt hits the bullfrog.
The bolt burns the bullfrog.
The bullfrog is moderately wounded.
Your surroundings seem slightly different. 2 gnolls come into view.
A gnoll is wielding a +2 spear of venom.
The centaur unwields a +0 shortbow.
The centaur hits you but does no damage.
The centaur kicks you. The orc priest closely misses you.
The orc warrior closely misses you. The centaur misses you.
The centaur barely misses you. The bullfrog barely misses you.
The orc priest hits you with a +0 short sword.
The orc warrior hits you with a +0 short sword!
* * * LOW HITPOINT WARNING * * *
The orc priest hits you with a +0 short sword.
* * * LOW HITPOINT WARNING * * *
Okay, then.
It was a potion of lignification.
You turn into a tree.
Your scarf of repulsion melds into your body.
Your +0 helmet melds into your body.
Your +0 robe melds into your body.
The haze of the repulsion field disappears.
Your roots penetrate the ground.
The centaur hits you.
* * * LOW HITPOINT WARNING * * *
The centaur kicks you but does no damage.
The bullfrog hits you but does no damage.
The orc hits you with a +0 mace.
* * * LOW HITPOINT WARNING * * *
The orc priest hits you but does no damage.
The orc warrior hits you with a +0 short sword!
You die...

########
##......##
##........##
#..........#
#..........#
#.....°....#
#..........####
#.....ocF......
##....o♣o.c....
#.....oo#.#.#.
#.......ggg.....
#........#.#.#.#
#..........g.o..
#........#.#.#.#.
#................
##.......#.#.#.#.
#.....>.oo.....


You could see an orc warrior, a bullfrog, 2 centaurs, a gnoll bouda, 2 orc
priests, 3 gnolls and 2 orcs.

Vanquished Creatures
  Menkaure (D:7)
  Edmund (D:6)
  A black bear (D:7)
  3 ogres
  2 ice beasts (D:6)
  A centaur (D:7)
  2 phantoms
  A kobold brigand (D:6)
  A bullfrog (D:9)
  4 scorpions
  7 orc priests
  A gnoll bouda (D:9)
  3 jellies
  2 hounds
  A sleepcap (D:5)
  4 iguanas
  Natasha (thrice) (D:4)
  7 orc wizards
  12 gnolls
  8 adders
  A shadow imp (D:7)
  3 white imps (D:7)
  A ribbon worm (D:3)
  A dart slug (D:4)
  20 orcs
  8 ball pythons
  11 bats
  9 endoplasms
  8 giant cockroaches
  12 goblins
  3 hobgoblins
  10 kobolds
  3 quokkas
  A goblin skeleton (D:3)
  2 rats
158 creatures vanquished.

Vanquished Creatures (others)
  An ice beast (D:7)
  An orc (D:8)
2 creatures vanquished.

Grand Total: 160 creatures vanquished

Notes
Turn   | Place    | Note
-------+----------+-------------------------------------------
     0 | D:1      | Ijustatesigmund the Gnoll Earth Elementalist began the
                  | quest for the Orb.
     0 | D:1      | Reached XP level 1. HP: 13/13 MP: 6/6
   135 | D:1      | Reached XP level 2. HP: 19/19 MP: 5/7
   617 | D:1      | You are sucked into a shaft and drop 1 floor!
   823 | D:2      | Got the Excursus on Azure Unholy Deeds
   890 | D:2      | Reached skill level 5 in Spellcasting
   890 | D:2      | Reached XP level 3. HP: 25/25 MP: 7/9
   892 | D:2      | Reached skill level 1 in Invocations
  1402 | D:1      | Reached skill level 1 in Fighting
  1402 | D:1      | Reached skill level 1 in Short Blades
  1402 | D:1      | Reached skill level 1 in Long Blades
  1402 | D:1      | Reached skill level 1 in Axes
  1402 | D:1      | Reached skill level 1 in Maces & Flails
  1402 | D:1      | Reached skill level 1 in Polearms
  1402 | D:1      | Reached skill level 1 in Staves
  1402 | D:1      | Reached skill level 1 in Ranged Weapons
  1402 | D:1      | Reached skill level 1 in Throwing
  1402 | D:1      | Reached skill level 1 in Armour
  1402 | D:1      | Reached skill level 1 in Shields
  1402 | D:1      | Reached skill level 1 in Unarmed Combat
  1402 | D:1      | Reached skill level 1 in Evocations
  2031 | D:3      | Noticed a scorpion
  2039 | D:3      | Killed a scorpion
  2040 | D:3      | Reached skill level 1 in Hexes
  2040 | D:3      | Reached skill level 1 in Summonings
  2040 | D:3      | Reached skill level 1 in Necromancy
  2040 | D:3      | Reached skill level 1 in Translocations
  2040 | D:3      | Reached skill level 1 in Fire Magic
  2040 | D:3      | Reached skill level 1 in Ice Magic
  2040 | D:3      | Reached skill level 1 in Air Magic
  2040 | D:3      | Reached skill level 1 in Alchemy
  2040 | D:3      | Reached skill level 1 in Shapeshifting
  2040 | D:3      | Reached XP level 4. HP: 11/32 MP: 4/11
  2288 | D:3      | Reached XP level 5. HP: 15/37 MP: 10/12
  2409 | D:3      | Found a shimmering blue altar of Sif Muna.
  2417 | D:3      | Found an ancient bone altar of Kikubaaqudgha.
  2423 | D:3      | Found a radiant altar of Vehumet.
  2627 | D:3      | Learned a level 3 spell: Stone Arrow
  2646 | D:3      | Found a runed translucent door.
  2646 | D:3      | Noticed a human
  2647 | D:3      | Found a basalt altar of Yredelemnul.
  2702 | D:3      | Reached XP level 6. HP: 23/44 MP: 2/13
  2866 | D:3      | Reached skill level 5 in Dodging
  3270 | D:4      | Reached XP level 7. HP: 50/50 MP: 10/15
  3552 | D:4      | Noticed Natasha
  3561 | D:4      | Killed Natasha
  3763 | D:4      | Noticed Natasha
  3774 | D:4      | Killed Natasha
  4035 | D:4      | Noticed Natasha
  4048 | D:4      | Killed Natasha
  4228 | D:4      | Found a staircase to the Ecumenical Temple.
  4238 | Temple   | Entered the Ecumenical Temple
  4443 | D:5      | Entered Level 5 of the Dungeon
  4451 | D:5      | Reached skill level 5 in Stealth
  4606 | D:5      | Identified the +5 hand cannon of Floods {flame, rF+ rC+
                  | MP+9}
  4699 | D:5      | Reached XP level 8. HP: 23/58 MP: 16/16
  5065 | D:5      | Found an ornate altar of the Wu Jian Council.
  5083 | D:5      | Found a shadowy altar of Dithmenos.
  5583 | D:6      | Noticed Edmund
  5592 | D:6      | Killed Edmund
  5629 | D:6      | Found Konin's Self-Published Books.
  5685 | D:6      | Found an iron altar of Okawaru.
  5887 | D:6      | Found a blossoming altar of Fedhas.
  6663 | D:6      | Reached XP level 9. HP: 59/65 MP: 18/18
  7176 | D:7      | Found a burning altar of Makhleb.
  7326 | D:7      | Noticed Menkaure
  7327 | D:7      | Killed Menkaure
  7538 | D:7      | Found a sacrificial altar of Ru.
  7617 | D:8      | Found a transporter.
  7623 | D:8      | Noticed a two-headed ogre
  8265 | D:8      | Slain by an orc warrior

Illustrated notes

Levels and vault maps discovered:
D:1:      spicycebolla_arrival_xxxplode, layout_basic
D:2:      layout_rooms, nicolae_underground_beach
D:3:      layout_loops_corners, palyth_temple_overflow_mages,
          dk_yredelemnul_ordeal, minmay_quantized
D:4:      layout_layer_cave, minmay_temple_entry_poolview,
          roderic_roman_lattice, uniq_natasha
D:5:      layout_basic, mainiacjoe_overflow_big_doors, abandoned_shop,
          grunt_decor_mini_mirrors, nicolae_figureground_sparkle
D:6:      layout_loops_corners, okawaru_ov_weapons_minmay,
          mainiacjoe_overflow_tiny_flanked, nicolae_custom_books, uniq_edmund
D:7:      layout_loops_ring, mainiacjoe_overflow_brackets,
          nicolae_ru_path_of_blood, lemuel_flamethrower_2, uniq_menkaure
D:8:      layout_rooms, minmay_lair_entry_grove, enter_bailey_2,
          gammafunk_ghost_berserking_beasts, st_stairs_2
D:9:      layout_stronghold, elyvilon_altar_1, chei_slow_surprise,
          jmf_multi_god_temple, orc_0_dummy, lightli_corner_chamber
Temple:   nicolae_temple_bog_church

Skill      XL: |  1  2  3  4  5  6  7  8  9 |
---------------+----------------------------+-----
Conjurations   | 2 3 4 |  4.3
Spellcasting   | 5 6 |  6.8
Invocations    | 1 2 3 4 |  4.9
Fighting       | 1 2 3 4 |  4.4
Short Blades   | 1 2 3 4 |  4.4
Long Blades    | 1 2 3 4 |  4.4
Axes           | 1 2 3 4 |  4.4
Maces & Flails | 1 2 3 4 |  4.4
Polearms       | 1 2 3 4 |  4.4
Staves         | 1 2 3 4 |  4.4
Ranged Weapons | 1 2 3 4 |  4.4
Throwing       | 1 2 3 4 |  4.4
Armour         | 1 2 3 4 |  4.4
Shields        | 1 2 3 4 |  4.4
Unarmed Combat | 1 2 3 4 |  4.4
Evocations     | 1 2 3 4 |  4.4
Hexes          | 1 2 3 |  3.7
Summonings     | 1 2 3 |  3.7
Necromancy     | 1 2 3 |  3.7
Translocations | 1 2 3 |  3.7
Fire Magic     | 1 2 3 |  3.7
Ice Magic      | 1 2 3 |  3.7
Air Magic      | 1 2 3 |  3.7
Alchemy        | 1 2 3 |  3.7
Shapeshifting  | 1 2 3 4 |  4.0
Dodging        | 5 6 |  6.5
Stealth        | 5 6 |  6.2
Earth Magic    | 6 |  6.6

Action                     |  1- 3 |  4- 6 |  7- 9 || total
---------------------------+-------+-------+-------++-------
  Melee: Short sword       |       |    45 |    74 ||   119
         Bite              |       |     4 |     3 ||     7
         Punch             |       |     1 |     1 ||     2
   Fire: Sling             |    38 |     9 |       ||    47
         Hand cannon       |       |       |   148 ||   148
   Cast: Sandblast         |    30 |    16 |    10 ||    56
         Stone Arrow       |       |     4 |     1 ||     5
    Use: Scroll            |     3 |     6 |     4 ||    13
         Potion            |     1 |     1 |     2 ||     4
   Stab: Sleeping          |       |     2 |     2 ||     4
         Distracted        |       |     1 |       ||     1
 Armour: Robe              |    28 |    31 |   118 ||   177
         Skin              |       |       |     6 ||     6
  Dodge: Dodged            |    38 |    42 |   143 ||   223
         Repelled          |       |       |     2 ||     2
